Map: [ESL] Oceanborn

Players

Stats - Winner!

  • Race: Protoss Protoss
  • Spawn Location: 11:00

Oliveira

  • Race: Terran Terran
  • Spawn Location: 5:00

Event: ESL Spring 2024 Finals

VOD

Have the link to the VOD?

Description

Time

  • Played on: May 31, 2024, 12:23 p.m.
  • Length: 13:42

All games in this series

Show
View Real Time Build Order
Export as new Build Order

Stats Protoss - Winner!

Build Orders: 1 Gate Expand, Phoenix Opening, Blink Stalkers, Carriers, Colossus Rush 

Get SALT Encoding   

  12  0:00  Probe  
  13  0:12  Probe  
  14  0:17  Pylon  
  14  0:24  Probe (Chrono Boost)  
  15  0:36  Probe (Chrono Boost)  
  15  0:37  Gateway  
  16  0:44  Probe (Chrono Boost)  
  16  0:46  Assimilator  
  17  0:51  Probe  
  18  1:03  Probe  
  19  1:18  Nexus  
  19  1:27  Cybernetics Core  
  19  1:30  Probe  
  20  1:35  Assimilator  
  20  1:42  Probe  
  20  1:46  Pylon  
  21  1:54  Probe (Chrono Boost)  
  22  2:02  Stalker (Chrono Boost)  
  22  2:03  Warp Gate  
  22  2:05  Probe (Chrono Boost)  
  25  2:10  Probe (Chrono Boost)  
  26  2:21  Probe (Chrono Boost)  
  27  2:24  Sentry  
  27  2:27  Shield Battery  
  29  2:30  Probe (Chrono Boost)  
  31  2:39  Probe (Chrono Boost)  
  31  2:40  Probe (Chrono Boost)  
  31  2:43  Twilight Council  
  32  2:45  Probe (Chrono Boost)  
  32  2:46  Probe  
  32  2:50  Stalker  
  36  2:54  Phoenix  
  36  2:57  Probe  
  36  2:58  Probe  
  38  3:02  Gateway  
  38  3:09  Probe  
  38  3:10  Probe  
  40  3:15  Pylon  
  40  3:19  Blink (Chrono Boost)  
  40  3:21  Probe  
  40  3:22  Probe  
  42  3:33  Robotics Facility, Probe  
  43  3:34  Probe  
  43  3:38  Gateway  
  44  3:42  Assimilator  
  44  3:45  Probe  
  44  3:46  Probe  
  46  3:57  Probe  
  46  3:58  Probe  
  46  3:59  Nexus  
  48  4:03  Pylon  
  48  4:09  Sentry  
  50  4:10  Stalker  
  50  4:11  Probe x2  
  50  4:15  Assimilator  
  54  4:23  Probe  
  54  4:24  Observer, Probe  
  56  4:27  Pylon  
  57  4:32  Robotics Bay  
  57  4:35  Probe  
  57  4:36  Probe  
  59  4:42  Shield Battery  
  59  4:43  Immortal (Chrono Boost)  
  59  4:48  Pylon, Probe x2  
  65  4:54  Sentry  
  67  5:00  Probe x2 (Chrono Boost)  
  67  5:02  Pylon  
  69  5:07  Pylon  
  69  5:12  Probe x3 (Chrono Boost)  
  72  5:15  Stalker  
  72  5:16  Stalker  
  78  5:21  Probe x3 (Chrono Boost)  
  79  5:30  Stalker  
  79  5:36  Colossus (Chrono Boost)  
  79  5:40  Extended Thermal Lance  
  79  5:42  Forge, Probe x3  
  88  5:47  Assimilator  
  88  5:50  Assimilator, Gateway x2  
  88  5:53  Gateway  
  88  5:57  Probe x3  
  88  6:01  Shield Battery  
  91  6:05  Charge  
  91  6:07  Protoss Ground Weapons Level 1  
  91  6:12  Probe  
  91  6:13  Probe x2  
  94  6:19  Colossus (Chrono Boost)  
  94  6:20  Pylon  
  100  6:26  Stalker x3  
  100  6:29  Pylon  
  100  6:31  Pylon  
  106  6:36  Pylon  
  106  6:45  Templar Archives  
  106  6:48  Gateway, Pylon  
  106  6:50  Gateway  
  106  6:56  Nexus  
  106  6:58  Shield Battery  
  106  6:59  Shield Battery  
  106  7:00  Observer (Chrono Boost)  
  107  7:08  Photon Cannon  
  107  7:10  Psionic Storm  
  107  7:15  Stalker x4  
  115  7:18  Observer, Probe x3  
  119  7:25  Forge  
  118  7:30  Probe x3  
  118  7:36  Zealot x2  
  125  7:38  Photon Cannon  
  125  7:40  Pylon, Photon Cannon  
  125  7:47  Zealot x3  
  131  7:54  Zealot x3  
  131  7:57  Protoss Ground Armor Level 1  
  137  8:00  High Templar x2  
  137  8:03  Probe x3  
  144  8:06  Assimilator  
  144  8:07  Assimilator  
  144  8:11  High Templar x2  
  148  8:19  Protoss Ground Weapons Level 2 (Chrono Boost)  
  148  8:20  Pylon  
  148  8:21  Protoss Air Weapons Level 1 (Chrono Boost)  
  148  8:26  Stargate  
  147  8:32  Pylon  
  147  8:36  Zealot x2  
  147  8:37  Zealot x4  
  147  8:39  Observer  
  157  8:44  High Templar x2  
  161  8:48  Probe x3  
  161  8:49  Probe  
  161  8:51  Gateway  
  161  8:53  Gateway  
  161  8:54  Pylon  
  165  9:00  Photon Cannon  
  165  9:01  Photon Cannon  
  165  9:02  Photon Cannon x2  
  163  9:07  Observer  
  163  9:28  Fleet Beacon  
  163  9:30  Stargate  
  163  9:31  Pylon  
  163  9:33  Stargate  
  160  9:52  Pylon  
  160  9:53  Gateway  
  160  9:58  Gateway, Protoss Shields Level 1 (Chrono Boost)  
  158  10:11  Nexus, Carrier x2 (Chrono Boost)  
  158  10:12  Pylon  
  170  10:14  Carrier (Chrono Boost)  
  170  10:20  Protoss Air Weapons Level 2 (Chrono Boost)  
  182  10:25  Mothership  
  179  10:45  Protoss Ground Weapons Level 3 (Chrono Boost)  
  178  11:02  Carrier x2 (Chrono Boost)  
  178  11:04  Carrier (Chrono Boost)  
  194  11:13  Nexus  
  194  11:15  Pylon  
  194  11:16  Warp Prism  
  188  11:25  Assimilator  
  188  11:27  Assimilator  
  188  11:34  Shield Battery  
  188  11:37  Stalker x6, Shield Battery  
  188  11:38  Stalker x2  
  188  11:39  Photon Cannon  
  200  11:41  Photon Cannon  
  200  11:42  Photon Cannon  
  200  11:44  Photon Cannon  
  200  11:46  Shield Battery  
  199  11:49  Pylon  
  193  12:20  Stalker x2  
  193  12:21  Stalker  
  179  12:47  Archon x2  
  179  12:48  Archon  
  151  12:55  Stalker x2  
  151  12:56  Stalker x7  
  151  12:57  Stalker  
  142  13:20  Stalker x3  
  142  13:21  Stalker x7  
Show
View Real Time Build Order
Export as new Build Order

Oliveira Terran 

Build Orders:  

Get SALT Encoding   

  12  0:00  SCV  
  13  0:12  SCV  
  14  0:17  Supply Depot  
  14  0:24  SCV  
  15  0:38  SCV  
  15  0:40  Barracks  
  16  0:51  SCV  
  16  0:54  Supply Depot  
  17  1:03  SCV  
  18  1:04  Refinery  
  18  1:15  SCV  
  19  1:27  Orbital Command, Marine  
  20  1:41  Command Center  
  20  1:52  Barracks Reactor  
  20  1:53  SCV  
  21  2:05  SCV  
  22  2:14  Command Center  
  22  2:17  SCV  
  23  2:28  Marine x2  
  23  2:29  SCV  
  26  2:33  Barracks  
  26  2:41  SCV  
  26  2:43  Barracks  
  27  2:53  Orbital Command, SCV  
  27  2:56  Marine  
  27  2:57  Marine  
  31  3:05  SCV  
  31  3:10  Refinery  
  31  3:15  Marine x2  
  31  3:17  SCV  
  34  3:20  Orbital Command  
  34  3:21  Barracks Tech Lab  
  34  3:25  Bunker  
  34  3:29  Orbital Command  
  34  3:30  SCV  
  34  3:32  Barracks Tech Lab  
  35  3:36  Marine x2  
  35  3:41  Stimpack  
  37  3:43  SCV  
  37  3:45  SCV  
  37  3:47  Marine  
  40  3:51  Combat Shield  
  40  3:52  Marine  
  40  3:55  SCV  
  42  3:56  SCV  
  42  3:58  SCV  
  42  4:00  Marine  
  42  4:01  Marine  
  46  4:05  Marauder  
  46  4:09  SCV  
  49  4:10  SCV, Marauder  
  49  4:14  Supply Depot  
  49  4:15  SCV  
  53  4:21  SCV  
  53  4:22  SCV  
  55  4:26  Marine x2  
  55  4:27  SCV, Marauder  
  60  4:31  Factory  
  60  4:33  SCV  
  60  4:36  Marauder  
  60  4:37  Supply Depot, SCV  
  64  4:41  Engineering Bay  
  64  4:44  Marine, Refinery  
  65  4:45  Marine  
  65  4:49  Supply Depot, SCV  
  65  4:50  SCV  
  65  4:52  SCV  
  69  4:59  Supply Depot, Marine, Marauder  
  71  5:01  SCV  
  71  5:02  Marine  
  71  5:04  Orbital Command, SCV  
  75  5:09  Terran Infantry Weapons Level 1  
  75  5:14  SCV  
  76  5:15  Factory Reactor  
  76  5:16  Starport  
  76  5:19  SCV  
  76  5:20  Marine, Refinery, Marauder  
  76  5:21  Marauder  
  82  5:23  Concussive Shells  
  82  5:30  Marine  
  82  5:31  SCV  
  79  5:38  Marine  
  79  5:42  SCV x2, Marauder x2  
  80  5:44  SCV  
  80  5:46  Barracks x2  
  81  5:53  Supply Depot  
  81  5:54  SCV x2, Marine  
  81  5:56  SCV  
  85  6:01  Medivac x2, Factory Tech Lab  
  85  6:02  Marine  
  90  6:05  Supply Depot  
  90  6:06  SCV x2  
  90  6:08  SCV  
  93  6:15  Marauder x2  
  93  6:16  Supply Depot, Armory  
  97  6:18  SCV  
  97  6:19  SCV  
  97  6:22  Marine  
  97  6:24  Missile Turret  
  97  6:25  SCV  
  101  6:26  Marine  
  101  6:27  Supply Depot, Widow Mine  
  104  6:32  Medivac  
  104  6:33  SCV, Medivac  
  104  6:36  Barracks Tech Lab, Refinery, Barracks Reactor  
  104  6:37  Refinery  
  104  6:38  SCV  
  104  6:39  Marauder  
  112  6:40  Marine, Marauder  
  112  6:44  Supply Depot, SCV  
  116  6:50  Marine  
  116  6:51  SCV x2, Widow Mine  
  121  6:55  Supply Depot  
  121  6:57  Ghost Academy, Marauder  
  121  6:58  SCV  
  124  7:04  Terran Infantry Armor Level 1  
  124  7:06  Drilling Claws  
  124  7:07  Supply Depot, SCV  
  124  7:10  Marauder x2  
  124  7:15  Medivac x2  
  133  7:17  Widow Mine  
  133  7:18  Marauder  
  133  7:19  SCV  
  133  7:21  SCV x2  
  140  7:26  Command Center  
  138  7:33  Engineering Bay  
  138  7:34  Ghost x2  
  141  7:40  Marine  
  141  7:44  Marine, Widow Mine  
  144  7:45  Viking x2  
  144  7:49  Supply Depot  
  144  7:50  Supply Depot, Ghost  
  152  7:51  SCV  
  149  8:03  Terran Infantry Weapons Level 2  
  149  8:06  Marine, Widow Mine  
  149  8:09  Marauder  
  149  8:12  Barracks x3  
  153  8:15  Supply Depot, Terran Ship Weapons Level 1  
  153  8:25  Viking x2  
  156  8:29  Ghost  
  156  8:30  SCV x2  
  156  8:33  SCV  
  161  8:41  Ghost  
  161  8:42  Marine, Ghost  
  161  8:43  Marine x2  
  161  8:44  SCV  
  161  8:45  SCV  
  161  8:48  Factory Reactor  
  169  8:56  Viking x2  
  169  8:57  Command Center  
  169  8:58  SCV x2  
  169  9:00  Barracks Tech Lab x3  
  175  9:06  Marauder, Terran Infantry Armor Level 2  
  175  9:13  Refinery x2  
  175  9:17  Planetary Fortress  
  175  9:22  Marauder  
  179  9:24  Marauder x3  
  179  9:28  Marine, Marauder  
  179  9:29  Marine, Marauder  
  189  9:31  Widow Mine  
  187  9:42  Widow Mine  
  187  9:43  Starport x2  
  188  9:50  Marauder x2, Sensor Tower  
  188  9:52  Viking  
  194  9:53  Viking  
  196  10:01  Personal Cloaking  
  196  10:10  Command Center  
  196  10:13  Missile Turret, Command Center  
  196  10:15  Widow Mine  
  196  10:21  Starport Reactor  
  196  10:22  Starport Reactor  
  196  10:23  Fusion Core, Terran Ship Weapons Level 2  
  196  10:30  Marauder x2  
  199  10:36  Terran Infantry Weapons Level 3  
  199  10:53  Armory  
  199  10:59  Command Center  
  199  11:00  Sensor Tower  
  197  11:12  Advanced Ballistics  
  197  11:13  Viking  
  197  11:14  Viking  
  197  11:17  Planetary Fortress  
  196  11:20  Viking x2  
  200  11:35  Orbital Command  
  200  11:39  Sensor Tower  
  200  11:54  Orbital Command  
  200  12:19  Missile Turret x2  
  200  12:20  Missile Turret  
  196  12:39  Viking  
  196  12:40  Viking  
  190  12:49  Viking x2  
  190  12:51  Marine x5, Viking x2  
  175  12:52  Marauder x2  
  175  12:54  Ghost x2  
  175  12:56  Marine  
  175  12:58  Widow Mine x2  
  139  13:08  Viking  
  139  13:09  Marine x4  
  139  13:12  Ghost  
  137  13:13  Marine  
  137  13:14  Marine  
Tags
 
Add a new tag
Caveats
  • Supply blocks, unpowered buildings, or Contaminate may cause inaccurate times.
  • Supply counts are checked every 10 seconds.